[Event "*** Titled Tuesday Blitz"]
[Site "Chess.com"]
[Date "2020.04.28"]
[Round "2"]
[White "Aygehovit1992"]
[Black "MacDaddyMac"]
[Result "1-0"]
[WhiteElo "2671"]
[BlackElo "2321"]
[TimeControl "180+1"]
[EndTime "10:13:44 PDT"]
[Termination "Aygehovit1992 won by resignation"]

1. e4 e6 2. d4 d5 3. Nc3 Nf6 4. Bg5 Be7 5. e5 Nfd7 6. h4 a6 7. Qg4 Bxg5 8. hxg5 c5 9. g6 h6 10. Nf3 cxd4 11. gxf7+ Kxf7 12. Nxd4 Nxe5 13. Qh5+ Ng6 14. Bd3 Qf6 15. Rh4 Nc6 16. Bxg6+ Qxg6 17. Rf4+ 1-0

[Event "*** Titled Tuesday Blitz"]
[Site "Chess.com"]
[Date "2020.04.28"]
[Round "2"]
[White "abubakrtagelsir"]
[Black "tamarozi99"]
[Result "1-0"]
[WhiteElo "2361"]
[BlackElo "1954"]
[TimeControl "180+1"]
[EndTime "10:13:46 PDT"]
[Termination "abubakrtagelsir won by resignation"]

1. Nf3 g6 2. g3 Bg7 3. Bg2 d6 4. O-O Nc6 5. c4 e5 6. d3 f5 7. Nc3 Nf6 8. Rb1 O-O 9. Qc2 h6 10. b4 Ne7 11. b5 g5 12. Qb3 Be6 13. Nd2 Rb8 14. Nd5 c6 15. bxc6 bxc6 16. Qxb8 Qxb8 17. Nxe7+ Kf7 18. Rxb8 Rxb8 19. Nxc6 Ra8 20. Nxe5+ 1-0

[Event "*** Titled Tuesday Blitz"]
[Site "Chess.com"]
[Date "2020.04.28"]
[Round "2"]
[White "HaryKane"]
[Black "Iyael"]
[Result "1-0"]
[WhiteElo "2606"]
[BlackElo "2123"]
[TimeControl "180+1"]
[EndTime "10:13:49 PDT"]
[Termination "HaryKane won by resignation"]

1. e4 c5 2. Nf3 Nc6 3. Bb5 e6 4. Bxc6 bxc6 5. d3 Ne7 6. Qe2 d5 7. c4 Ng6 8. O-O Be7 9. Nc3 d4 10. Na4 e5 11. b3 O-O 12. Ne1 f5 13. f3 fxe4 14. dxe4 Bg5 15. Nd3 Bxc1 16. Raxc1 Qg5 17. Naxc5 Nh4 18. Kh1 Rf6 19. Rc2 Rh6 20. Qd2 Qg3 21.
hxg3 Nxf3+ 22. Qxh6 1-0

[Event "*** Titled Tuesday Blitz"]
[Site "Chess.com"]
[Date "2020.04.28"]
[Round "2"]
[White "ZCorrales"]
[Black "elisak43"]
[Result "0-1"]
[WhiteElo "2064"]
[BlackElo "2386"]
[TimeControl "180+1"]
[EndTime "10:13:52 PDT"]
[Termination "elisak43 won by resignation"]

1. e4 Nf6 2. e5 Nd5 3. d4 d6 4.
Nf3 Nb6 5. exd6 cxd6 6. Bd3 g6 7. O-O Bg7 8. h3 O-O 9. c4 Nc6 10. Be3 e5 11. dxe5 dxe5 12. Be2 e4 13. Nd4 Nxd4 14.
Bxd4 Qxd4 15. Nc3 Qxd1 16. Rfxd1 Be6 17. Nxe4 Bxc4 18. Bf3 Bxb2 19. Rab1 Be5 20. Nc5 Bxa2 21. Rb5 Bc4 22. Rb4 Rad8 23. Re1 Bc3 24. Rxc4 Bxe1 0-1

[Event "*** Titled Tuesday Blitz"]
[Site "Chess.com"]
[Date "2020.04.28"]
[Round "2"]
[White "Gandrade2"]
[Black "AlphalphaZero"]
[Result "0-1"]
[WhiteElo "1982"]
[BlackElo "2490"]
[TimeControl "180+1"]
[EndTime "10:13:55 PDT"]
[Termination "AlphalphaZero won by resignation"]

1. b3 g6 2. Bb2 Nf6 3. Bxf6 exf6 4. c4 d5 5. cxd5 Qxd5 6. Nc3 Qd8 7. g3 Bg7 8. Bg2 f5 9. Rc1 O-O 10. e3 c6 11.
Nge2 Nd7 12. d4 Nf6 13. O-O Be6 14. Nf4 Qd7 15. b4 a6 16. a4 Bc4 17. Re1 Nd5 18. Ncxd5 cxd5 19. Nd3 Rfc8 20. Nc5 Qe7 21. Rxc4 dxc4 22. Bxb7 Rxc5 23. Bxa8 Rc8 24. Bf3 Qxb4 25. Qc2 Qxe1+ 0-1

[Event "*** Titled Tuesday Blitz"]
[Site "Chess.com"]
[Date "2020.04.28"]
[Round "2"]
[White "HarryCun"]
[Black "AquivaRubinstein"]
[Result "0-1"]
[WhiteElo "2154"]
[BlackElo "2419"]
[TimeControl "180+1"]
[EndTime "10:13:55 PDT"]
[Termination "AquivaRubinstein won by resignation"]

1. Nf3 d5 2. g3 Nc6 3. Bg2 e5 4.
d3 Nf6 5. O-O h6 6. Nbd2 Bc5 7.
e4 O-O 8. a3 a5 9. exd5 Nxd5 10. Nc4 Re8 11. b3 Nc3 12. Qd2 Nd4 13. Nxd4 exd4 14. Re1 Bg4 15. f3 Bh5 16. Bb2 Qd7 17. Bxc3 dxc3+ 18. Kh1 0-1

[Event "*** Titled Tuesday Blitz"]
[Site "Chess.com"]
[Date "2020.04.28"]
[Round "2"]
[White "Problematique_99"]
[Black "SHIVACalypso"]
[Result "0-1"]
[WhiteElo "2496"]
[BlackElo "2287"]
[TimeControl "180+1"]
[EndTime "10:14:01 PDT"]
[Termination "SHIVACalypso won by resignation"]

1. d4 e6 2. Bf4 Nf6 3. e3 d5 4. Nf3 c5 5. c3 Nc6 6. Nbd2 Bd6 7.
Bg3 b6 8. Bb5 Bb7 9. Qa4 Qc7 10. Ne5 Rc8 11. Qxa7 O-O 12. Nxc6 Bxg3 13. hxg3 Ra8 0-1

[Event "*** Titled Tuesday Blitz"]
[Site "Chess.com"]
[Date "2020.04.28"]
[Round "2"]
[White "AlexZambrano"]
[Black "Fy_Rakotomaharo"]
[Result "0-1"]
[WhiteElo "2313"]
[BlackElo "2633"]
[TimeControl "180+1"]
[EndTime "10:14:02 PDT"]
[Termination "Fy_Rakotomaharo won by resignation"]

1. Nf3 Nf6 2. g3 g6 3. d4 Bg7 4.
Bg2 O-O 5. O-O d5 6. c4 c6 7. Nc3 dxc4 8. a4 Na6 9. Ne5 Ng4 10. Nxg4 Bxg4 11. Be3 Qa5 12. h3 Bf5 13. g4 Be6 14. Qc1 Rfd8 15. Rd1 h5 16. gxh5 Qxh5 17. Kh2 Rd7 18.
Ne4 Rad8 19. Ng3 Qh8 20. d5 Bxd5 21. Bxd5 Rxd5 22. Rb1 Rxd1 0-1

[Event "*** Titled Tuesday Blitz"]
[Site "Chess.com"]
[Date "2020.04.28"]
[Round "2"]
[White "WPWPWP-2015"]
[Black "robertofabregas"]
[Result "1-0"]
[WhiteElo "2413"]
[BlackElo "2125"]
[TimeControl "180+1"]
[EndTime "10:14:04 PDT"]
[Termination "WPWPWP-2015 won by resignation"]

1. e4 c5 2. Nf3 d6 3. d4 cxd4 4.
Nxd4 Nf6 5. Nc3 a6 6. Be3 e6 7.
Be2 Be7 8. O-O O-O 9. f4 Nbd7 10.
Qe1 Qc7 11. Qg3 Re8 12. Rae1 b5 13. a3 Bb7 14. Bf3 Nb6 15. Kh1 Nc4 16. Bg1 Nxb2 17. e5 Qxc3 18. Bxb7 Rab8 19. Qxc3 1-0

[Event "*** Titled Tuesday Blitz"]
[Site "Chess.com"]
[Date "2020.04.28"]
[Round "2"]
[White "fugadelafuga"]
[Black "Tall-guy"]
[Result "1-0"]
[WhiteElo "2397"]
[BlackElo "2102"]
[TimeControl "180+1"]
[EndTime "10:14:04 PDT"]
[Termination "fugadelafuga won by resignation"]

1. e4 c5 2. Nf3 Nc6 3. d4 cxd4 4. Nxd4 Nf6 5. Nc3 e5 6. Ndb5 d6 7. Nd5 Nxd5 8. exd5 Nb8 9. c4 a6 10. Nc3 Be7 11.
Be2 O-O 12. Be3 f5 13. f4 Nd7 14. O-O exf4 15. Bxf4 Qb6+ 16. Kh1 Qxb2 17. Na4 Qa3 18. Rf3 Qb4 19. Bd2 1-0

[Event "*** Titled Tuesday Blitz"]
[Site "Chess.com"]
[Date "2020.04.28"]
[Round "2"]
[White "2nd_life"]
[Black "mshuaau0"]
[Result "1-0"]
[WhiteElo "2401"]
[BlackElo "2104"]
[TimeControl "180+1"]
[EndTime "10:14:12 PDT"]
[Termination "2nd_life won by resignation"]

1. e4 e5 2. f4 exf4 3. Nf3 Nf6 4. Nc3 d6 5. d4 Nh5 6. Bc4 g6 7. O-O Bg7 8. Ne2 O-O 9. Nxf4 Nxf4 10. Bxf4 Nc6 11.
c3 a6 12. Qd2 Na5 13. Bd3 Be6 14. d5 Bd7 15. b4 Qf6 16. bxa5 Qxc3 17. Qxc3 Bxc3 18.
Rab1 Rab8 19. Bd2 Bg7 20. Rfc1 c6 21. Bc3 cxd5 22. Bxg7 Kxg7 23. exd5 1-0

[Event "*** Titled Tuesday Blitz"]
[Site "Chess.com"]
[Date "2020.04.28"]
[Round "2"]
[White "hazy13"]
[Black "JustWatch000"]
[Result "0-1"]
[WhiteElo "2201"]
[BlackElo "2441"]
[TimeControl "180+1"]
[EndTime "10:14:17 PDT"]
[Termination "JustWatch000 won by resignation"]

1. d4 Nf6 2. c4 g6 3. Nc3 Bg7 4. e4 d6 5. f3 O-O 6. Be3 c5 7. Nge2 Nc6 8. Qd2 Qa5 9. Rc1 a6 10. Nd5 Qxd2+ 11. Kxd2 Nxd5 12. cxd5 Nxd4 13. Nxd4 cxd4 14. Bg5 f6 15. Bh4 Bh6+ 16. Kd1 Bxc1 17. Kxc1 Bd7 18. Bd3 Rac8+ 19. Kd2 Bb5 20. Bf2 Bxd3 21.
Kxd3 Rc7 22. Bxd4 Rfc8 23. Bc3 b5 24. a3 Rc4 25. h4 h5 26. g4 hxg4 27. fxg4 Kf7 28.
h5 gxh5 29. g5 fxg5 30. Rxh5 Kg6 31. Rh1 Rf8 32. Rh2 Rf3+ 33. Ke2 Rfxc3 34. bxc3 Rxc3 35. a4 Rc2+ 0-1

[Event "*** Titled Tuesday Blitz"]
[Site "Chess.com"]
[Date "2020.04.28"]
[Round "2"]
[White "vanea_03"]
[Black "WhiteCapital80"]
[Result "1-0"]
[WhiteElo "2682"]
[BlackElo "2415"]
[TimeControl "180+1"]
[EndTime "10:14:18 PDT"]
[Termination "vanea_03 won by resignation"]

1. d4 d5 2. c4 e6 3. Nc3 Be7 4. cxd5 exd5 5. Bf4 c6 6. e3 Bf5 7. g4 Be6 8. h4 Nf6 9. g5 Ne4 10. Bd3 Qa5 11. Ne2 c5 12. Bxe4 dxe4 13. d5 Bg4 14. d6 Bd8 15. Qd5 Nc6 16. Qxe4+ Kd7 17. Bg3 Be6 18. Nf4 Qb4 19. Nxe6 fxe6 20. O-O h6 21. Qg6 Re8 22. Qxg7+ 1-0

[Event "*** Titled Tuesday Blitz"]
[Site "Chess.com"]
[Date "2020.04.28"]
[Round "2"]
[White "SahajGrover"]
[Black "Two_Towers_Krakow"]
[Result "1-0"]
[WhiteElo "2715"]
[BlackElo "2480"]
[TimeControl "180+1"]
[EndTime "10:14:21 PDT"]
[Termination "SahajGrover won by resignation"]

1. d4 Nf6 2. Bf4 g6 3. Nc3 d5 4.
h4 c6 5. e3 Bg7 6. Nf3 Bg4 7. Qd2 Nbd7 8. Ne5 Nxe5 9. Bxe5 h5 10. f3 Bf5 11. O-O-O O-O 12. Bd3 Qd7 13. Rdg1 Bxd3 14. cxd3 Rac8 15. g4 hxg4 16. h5 c5 17. h6 Bh8 18. h7+ 1-0

[Event "*** Titled Tuesday Blitz"]
[Site "Chess.com"]
[Date "2020.04.28"]
[Round "2"]
[White "jucAxx"]
[Black "UmutErdemGunduz"]
[Result "0-1"]
[WhiteElo "2082"]
[BlackElo "2390"]
[TimeControl "180+1"]
[EndTime "10:14:23 PDT"]
[Termination "UmutErdemGunduz won by resignation"]

1. e4 c6 2. d4 Na6 3. Nc3 Nc7 4. f4 d5 5. e5 g6 6. Nf3 Bg7 7. Bd3 Bg4 8. O-O Nh6 9. Ne2 O-O 10. h3 Bxf3 11. Rxf3 f6 12. f5 fxe5 13. dxe5 Nxf5 14. Bxf5 Rxf5 15. Rxf5 gxf5 16. Bf4 Ne6 17. Bg3 Qb6+ 18. Kh2 Rf8 19. c3 f4 20. Bh4 Bxe5 21. Bxe7 f3+ 22.
Ng3 Bxg3+ 23. Kxg3 Qc7+ 0-1

[Event "*** Titled Tuesday Blitz"]
[Site "Chess.com"]
[Date "2020.04.28"]
[Round "2"]
[White "Danfii"]
[Black "Semen_Khanin"]
[Result "0-1"]
[WhiteElo "2328"]
[BlackElo "2712"]
[TimeControl "180+1"]
[EndTime "10:14:26 PDT"]
[Termination "Semen_Khanin won by resignation"]

1. e4 c5 2. Nf3 e6 3. d4 cxd4 4. Nxd4 Nc6 5. Nc3 Qc7 6. Be3 a6 7. Qf3 Nf6 8. O-O-O h5 9. Nxc6 dxc6 10. Qg3 e5 11. h4 Be6 12. Bd4 Nd7 13. Be3 Qa5 14. Kb1 Bb4 15. Qxg7 O-O-O 16. Qg3 Bxc3 17. bxc3 Qxa2+ 18. Kc1 Nc5 0-1

[Event "*** Titled Tuesday Blitz"]
[Site "Chess.com"]
[Date "2020.04.28"]
[Round "2"]
[White "BvsN"]
[Black "Ariadna_Atreides"]
[Result "1-0"]
[WhiteElo "2375"]
[BlackElo "2034"]
[TimeControl "180+1"]
[EndTime "10:14:29 PDT"]
[Termination "BvsN won by resignation"]

1. d4 e6 2. c4 Bb4+ 3. Nc3 Qe7 4. e4 Nf6 5. Bd3 d5 6. cxd5 exd5 7. e5 Ne4 8. Qc2 Bf5 9. Ne2 c5 10. O-O Bxc3 11.
Nxc3 cxd4 12. Nxd5 Qg5 13. Bxg5 1-0

[Event "*** Titled Tuesday Blitz"]
[Site "Chess.com"]
[Date "2020.04.28"]
[Round "2"]
[White "StockholmMissile"]
[Black "suneebaker"]
[Result "1-0"]
[WhiteElo "2465"]
[BlackElo "2240"]
[TimeControl "180+1"]
[EndTime "10:14:31 PDT"]
[Termination "StockholmMissile won by resignation"]

1. d4 Nf6 2. c4 g6 3. Nc3 d5 4. Nf3 Bg7 5. h4 c5 6. cxd5 Nxd5 7. h5 Nxc3 8. bxc3 Nc6 9. e3 Bg4 10. h6 Bf6 11. Be2 e6 12. Rb1 Qc7 13. O-O O-O 14.
Ba3 b6 15. Qa4 Rfd8 16. dxc5 bxc5 17. Qxg4 1-0

[Event "*** Titled Tuesday Blitz"]
[Site "Chess.com"]
[Date "2020.04.28"]
[Round "2"]
[White "2346PL"]
[Black "AnnaChessLook"]
[Result "1-0"]
[WhiteElo "2488"]
[BlackElo "2257"]
[TimeControl "180+1"]
[EndTime "10:14:39 PDT"]
[Termination "2346PL won by resignation"]

1. d4 Nf6 2. Bg5 Ne4 3. Bf4 c5 4. dxc5 Nxc5 5. Nc3 Nc6 6. e4 e5 7. Be3 d6 8. Bc4 Be7 9. Nf3 O-O 10. O-O Be6 11. Bd5 Kh8 12. h3 Bd7 13. a3 Ne6 14. Qd2 f5 15. exf5 Rxf5 16. Rad1 Qe8 17. Be4 Rf8 18. Nd5 Qh5 19. Nxe7 Nxe7 20. Qxd6 Bc6 21.
Bxc6 Nxc6 22. Qxe6 Rxf3 23. gxf3 Qxf3 24. Qg4 Qf7 25. Rd7 1-0

[Event "*** Titled Tuesday Blitz"]
[Site "Chess.com"]
[Date "2020.04.28"]
[Round "2"]
[White "OhanyanEminChess"]
[Black "KNVB"]
[Result "0-1"]
[WhiteElo "2490"]
[BlackElo "2723"]
[TimeControl "180+1"]
[EndTime "10:14:43 PDT"]
[Termination "KNVB won by resignation"]

1. e4 c5 2. Nf3 e6 3. d4 cxd4 4. Nxd4 Nc6 5. Nc3 Qc7 6. Be3 a6 7. f3 Nf6 8. Qd2 Be7 9. O-O-O h5 10. g3 b5 11. Bg2 Na5 12. Qe2 Nc4 13. Bg5 Bb7 14.
f4 Rc8 15. Rhe1 Nxb2 16. Kxb2 Qxc3+ 17. Kb1 Ba3 0-1

[Event "*** Titled Tuesday Blitz"]
[Site "Chess.com"]
[Date "2020.04.28"]
[Round "2"]
[White "PavelChernomordik"]
[Black "Tynano"]
[Result "1-0"]
[WhiteElo "2415"]
[BlackElo "2136"]
[TimeControl "180+1"]
[EndTime "10:14:44 PDT"]
[Termination "PavelChernomordik won by resignation"]

1. e4 e5 2. Nf3 Nc6 3. Bb5 f5 4. d4 fxe4 5. Bxc6 bxc6 6. Nxe5 Nf6 7. O-O d6 8. Nxc6 Qd7 9. Na5 d5 10. c4 c6 11. Qa4 Bb7 12. Nxb7 Qxb7 13. Nc3 Kf7 14. f3 Re8 15. fxe4 dxe4 16. Bg5 c5 17. Bxf6 gxf6 18. Rxf6+ Kxf6 19. Qxe8 cxd4 20. Rf1+ Kg7 21. Qe5+ Kg8 22. Nxe4 1-0

[Event "*** Titled Tuesday Blitz"]
[Site "Chess.com"]
[Date "2020.04.28"]
[Round "2"]
[White "DinaBelenkaya"]
[Black "JozefKneht"]
[Result "0-1"]
[WhiteElo "2174"]
[BlackElo "2425"]
[TimeControl "180+1"]
[EndTime "10:14:54 PDT"]
[Termination "JozefKneht won by checkmate"]

1. e4 e5 2. Nf3 Nc6 3. d4 exd4 4.
Nxd4 Nf6 5. Nxc6 bxc6 6. Bd3 d5 7. exd5 cxd5 8. O-O Be7 9. c4 d4 10. b4 O-O 11. a3 c5 12. Bb2 Be6 13. Nd2 cxb4 14. axb4 Bxb4 15. Nb3 Bc3 16. Bxc3 dxc3 17. Qc2 Qc7 18.
Qxc3 Ng4 19. f4 Rad8 20. f5 Qxh2# 0-1

[Event "*** Titled Tuesday Blitz"]
[Site "Chess.com"]
[Date "2020.04.28"]
[Round "2"]
[White "walkingcreep"]
[Black "ARMQUEEN"]
[Result "1-0"]
[WhiteElo "2642"]
[BlackElo "2317"]
[TimeControl "180+1"]
[EndTime "10:14:56 PDT"]
[Termination "walkingcreep won by resignation"]

1. d4 d5 2. c4 dxc4 3. Nf3 e6 4. e3 Nf6 5. Bxc4 a6 6. a4 c5 7.
O-O Qc7 8. Qe2 Be7 9. Nc3 Nc6 10. dxc5 Bxc5 11. h3 O-O 12. Rd1 b6 13. e4 Bb7 14.
e5 Nd7 15. Bf4 Rac8 16. Rac1 Rfd8 17. Ne4 Qb8 18. Neg5 h6 19. Nxe6 fxe6 20. Bxe6+ Kh8 21. Bxd7 Ne7 22. Bxc8 Rxc8 23. Be3 Bxf3 24. Qxf3 Qxe5 25. Bxc5 bxc5 26. Re1 Qg5 27. Qe3 Nd5 28. Qxg5 hxg5 29. Re5 Nf4 30. Rexc5 Rb8 31. Rc8+ Rxc8 32. Rxc8+ 1-0

[Event "*** Titled Tuesday Blitz"]
[Site "Chess.com"]
[Date "2020.04.28"]
[Round "2"]
[White "rogapa"]
[Black "x-3738459472"]
[Result "0-1"]
[WhiteElo "2747"]
[BlackElo "2523"]
[TimeControl "180+1"]
[EndTime "10:14:58 PDT"]
[Termination "x-3738459472 won by resignation"]

1. e4 c5 2. Nf3 Nc6 3. d4 cxd4 4.
Nxd4 e5 5. Nb5 d6 6. N1c3 a6 7. Na3 b5 8. Nd5 Nge7 9. Bg5 h6 10. Bxb5 hxg5 11. Nxe7 axb5 12. Nxc6 Qd7 13. Nb4 Ra4 14. c3 d5 15. Nxd5 Rxe4+ 16. Ne3 Bxa3 17. bxa3 Qc6 18. O-O Bb7 19. Qf3 Rxh2 20. Kxh2 Rh4+ 21. Kg1 Qh6 0-1

[Event "*** Titled Tuesday Blitz"]
[Site "Chess.com"]
[Date "2020.04.28"]
[Round "2"]
[White "PlayChessSimple"]
[Black "lelya96"]
[Result "1-0"]
[WhiteElo "2558"]
[BlackElo "2294"]
[TimeControl "180+1"]
[EndTime "10:15:03 PDT"]
[Termination "PlayChessSimple won by checkmate"]

1. e4 e5 2. Nf3 Nc6 3. Nc3 Nf6 4. Bb5 Bb4 5. O-O Bxc3 6. dxc3 d6 7. Re1 O-O 8. Bg5 Qe7 9. Nd2 Nd8 10. Nf1 Ne6 11. Bh4 g5 12. Bg3 Nf4 13. Ne3 Nxe4 14. Bxf4 gxf4 15.
Nd5 Qg5 16. Rxe4 c6 17. Nc7 Bf5 18. Re1 Rac8 19. Qxd6 cxb5 20. Qxe5 Qg6 21. Nd5 Bh3 22.
Ne7# 1-0

[Event "*** Titled Tuesday Blitz"]
[Site "Chess.com"]
[Date "2020.04.28"]
[Round "2"]
[White "FeketeBarika"]
[Black "Dixit_Nikhil"]
[Result "0-1"]
[WhiteElo "2220"]
[BlackElo "2457"]
[TimeControl "180+1"]
[EndTime "10:15:03 PDT"]
[Termination "Dixit_Nikhil won by resignation"]

1. Nf3 Nf6 2. g3 g6 3. Bg2 Bg7 4. O-O O-O 5. c4 d6 6. Nc3 c5 7. d3 Nc6 8. Rb1 a6 9. a3 Rb8 10. b4 cxb4 11. axb4 b5 12. cxb5 axb5 13. Bd2 Bd7 14. e3 e5 15. d4 e4 16. Ne1 d5 17.
h3 Be6 18. Ne2 Ne8 19. Rc1 Qd7 20. Qc2 Rc8 21. Qb3 Nd6 22. Kh2 Nc4 23. Bc3 Ra8 24. Nf4 Ra3 25. Qc2 Rfa8 26. Nxe6 Qxe6 27. Qd1 f5 28.
Nc2 Rxc3 0-1

[Event "*** Titled Tuesday Blitz"]
[Site "Chess.com"]
[Date "2020.04.28"]
[Round "2"]
[White "josiwales"]
[Black "madalin18"]
[Result "1-0"]
[WhiteElo "2605"]
[BlackElo "2097"]
[TimeControl "180+1"]
[EndTime "10:15:04 PDT"]
[Termination "josiwales won by resignation"]

1. e4 c5 2. Nc3 Nc6 3. g3 g6 4.
Bg2 Bg7 5. d3 e6 6. Be3 Nd4 7. Qd2 Ne7 8. Nd1 d6 9. c3 Ndc6 10. Bh6 O-O 11. h4 d5 12. h5 dxe4 13. hxg6 fxg6 14. Bxg7 Kxg7 15. Qh6+ Kf7 16. Qxh7+ Ke8 17.
Bxe4 Ne5 18. Kf1 Rf7 19. Qh8+ Kd7 20. Qxe5 1-0

[Event "*** Titled Tuesday Blitz"]
[Site "Chess.com"]
[Date "2020.04.28"]
[Round "2"]
[White "BikingBrian"]
[Black "Willychess95"]
[Result "0-1"]
[WhiteElo "2289"]
[BlackElo "2558"]
[TimeControl "180+1"]
[EndTime "10:15:07 PDT"]
[Termination "Willychess95 won by resignation"]

1. d4 Nf6 2. Bg5 e6 3. Nd2 h6 4. Bh4 d6 5. e4 Nbd7 6. f4 e5 7. fxe5 dxe5 8. Ngf3 exd4 9. e5 g5 10. Bg3 Nh5 11. Nxd4 Nxg3 12. hxg3 Nxe5 13. N2f3 Bg7 14.
Nxe5 Bxe5 15. Ne2 Qxd1+ 16. Rxd1 Bxb2 17. c3 Ba3 18. Kf2 Bc5+ 19. Nd4 Bg4 20. Re1+ Kf8 21. Bc4 Kg7 22. Rhf1 Rhe8 23. Rxe8 Rxe8 24. Kg1 Be6 25. Bxe6 Rxe6 26. Kh2 Bxd4 27. cxd4 Rd6 28. Rd1 Rd5 29.
g4 c5 0-1

[Event "*** Titled Tuesday Blitz"]
[Site "Chess.com"]
[Date "2020.04.28"]
[Round "2"]
[White "ElGasanov"]
[Black "DanielRensch"]
[Result "1-0"]
[WhiteElo "2725"]
[BlackElo "2493"]
[TimeControl "180+1"]
[EndTime "10:15:08 PDT"]
[Termination "ElGasanov won by resignation"]

1. Nf3 Nf6 2. d4 c5 3. d5 b5 4.
c4 b4 5. Qc2 g6 6. e4 d6 7. b3 Bg7 8. Bb2 O-O 9. Nbd2 Nbd7 10. Be2 a5 11. O-O e5 12. dxe6 fxe6 13. e5 dxe5 14. Nxe5 Bb7 15. Bf3 Qb6 16. Nxd7 Nxd7 17. Bxg7 Kxg7 18. Qb2+ Nf6 19. Rad1 Rad8 20. Bxb7 Qxb7 21. Nf3 Qe7 22. Qe5 Rxd1 23. Rxd1 Rd8 24. Rxd8 Qxd8 25. h3 1-0

[Event "*** Titled Tuesday Blitz"]
[Site "Chess.com"]
[Date "2020.04.28"]
[Round "2"]
[White "Chesswizard_2007"]
[Black "MeetGoku"]
[Result "1-0"]
[WhiteElo "2614"]
[BlackElo "2306"]
[TimeControl "180+1"]
[EndTime "10:15:11 PDT"]
[Termination "Chesswizard_2007 won by resignation"]

1. d4 g6 2. e4 Bg7 3. Nc3 c5 4.
Be3 Nc6 5. Nf3 cxd4 6. Nxd4 Nf6 7. Qd2 d6 8. f3 O-O 9. O-O-O Rb8 10. g4 d5 11. g5 Nxe4 12. fxe4 Nxd4 13. Bxd4 e5 14. Bc5 d4 15. Bxf8 Bxf8 16. Nd5 Be6 17. Bc4 b5 18. Nf6+ Kg7 19. Bxe6 fxe6 20. h4 a5 21. h5 Bb4 22.
Qh2 Qc7 23. hxg6 Qxc2+ 24. Qxc2 hxg6 25. Qc7+ 1-0

[Event "*** Titled Tuesday Blitz"]
[Site "Chess.com"]
[Date "2020.04.28"]
[Round "2"]
[White "okriak"]
[Black "Ranindu2003"]
[Result "1-0"]
[WhiteElo "2851"]
[BlackElo "2546"]
[TimeControl "180+1"]
[EndTime "10:15:13 PDT"]
[Termination "okriak won by resignation"]

1. Nf3 Nf6 2. c4 e6 3. g3 d5 4. Bg2 Be7 5. O-O O-O 6. d4 dxc4 7. Qc2 a6 8. a4 Nc6 9. Qxc4 Na5 10. Qc2 b6 11. Bd2 Bb7 12. Bxa5 bxa5 13. Nbd2 Rc8 14. Nb3 Bd5 15. Nc5 Bxc5 16. Qxc5 c6 17. Ne5 Bxg2 18. Kxg2 Qd5+ 19. Qxd5 cxd5 20. Rfc1 Rb8 21. Rc2 Rfc8 22. Nc6 Kf8 23. Rac1 Ke8 24. Nxb8 Rxb8 25. Rc8+ Rxc8 26. Rxc8+ Kd7 27. Ra8 1-0

[Event "*** Titled Tuesday Blitz"]
[Site "Chess.com"]
[Date "2020.04.28"]
[Round "2"]
[White "pichonazo"]
[Black "semchik73"]
[Result "0-1"]
[WhiteElo "2402"]
[BlackElo "2235"]
[TimeControl "180+1"]
[EndTime "10:15:16 PDT"]
[Termination "semchik73 won by resignation"]

1. e4 Nf6 2. e5 Nd5 3. d4 d6 4. Nf3 Bg4 5. Be2 c6 6. O-O Bxf3 7. Bxf3 dxe5 8. dxe5 e6 9. Qe2 Nd7 10. Nd2 Qc7 11.
Nc4 b5 12. Nd6+ Bxd6 13. exd6 Qxd6 14. a4 b4 15. Rd1 O-O 16. Qe4 N7f6 17. Qh4 Qe5 18.
a5 Rad8 19. Qc4 Rd6 20. c3 bxc3 21. bxc3 Rfd8 22. Ba3 R6d7 23. Qxc6 Nxc3 24. Bb2 Rxd1+ 0-1

[Event "*** Titled Tuesday Blitz"]
[Site "Chess.com"]
[Date "2020.04.28"]
[Round "2"]
[White "Ceejay271"]
[Black "ManuDavid2910"]
[Result "0-1"]
[WhiteElo "2303"]
[BlackElo "2639"]
[TimeControl "180+1"]
[EndTime "10:15:23 PDT"]
[Termination "ManuDavid2910 won by resignation"]

1. Nf3 Nf6 2. b3 e6 3. Bb2 d5 4. c4 c5 5. e3 Nc6 6. cxd5 exd5 7.
d4 cxd4 8. Nxd4 Bb4+ 9. Nc3 Qa5 10. Qc2 Ne4 11. Ne2 Bf5 12. a3 Nxc3 13. Qxf5 Ne4+ 14. Kd1 Ne7 15. Qf3 Bd6 16. b4 Qa4+ 17. Ke1 Bxb4+ 18.
axb4 Qxb4+ 19. Bc3 Nxc3 20. Qf4 Ne4+ 0-1

[Event "*** Titled Tuesday Blitz"]
[Site "Chess.com"]
[Date "2020.04.28"]
[Round "2"]
[White "lIlIlIlI_lIl"]
[Black "northridgehawk"]
[Result "1-0"]
[WhiteElo "2583"]
[BlackElo "2301"]
[TimeControl "180+1"]
[EndTime "10:15:25 PDT"]
[Termination "lIlIlIlI_lIl won by resignation"]

1. e4 e5 2. Nf3 Nc6 3. Bb5 a6 4. Ba4 Nf6 5. d3 b5 6. Bb3 Bc5 7. Nc3 d6 8. Nd5 Na5 9. Bg5 h6 10. Nxf6+ gxf6 11. Bh4 Nxb3 12. axb3 Rg8 13. O-O Bg4 14.
Kh1 Rg6 15. h3 Bh5 16. g4 Qd7 17. Nh2 O-O-O 18. Qf3 Rdg8 19. Qf5 Bxg4 20. Nxg4 Qxf5 21.
exf5 Rxg4 22. hxg4 Rxg4 23. Bxf6 Rf4 24. Kg2 Rxf5 25.
Bh4 Rf4 26. Bg3 Rg4 27. Rh1 Rg6 28. Rxa6 Kb7 29. Raa1 f5 30. Kf3 f4 31. Bh4 d5 32.
Rhg1 Re6 33. Rae1 Kc6 34. c3 Bd6 35. c4 bxc4 36. bxc4 1-0

[Event "*** Titled Tuesday Blitz"]
[Site "Chess.com"]
[Date "2020.04.28"]
[Round "2"]
[White "IvanRadivojevic"]
[Black "CMFernandez"]
[Result "1-0"]
[WhiteElo "2473"]
[BlackElo "2069"]
[TimeControl "180+1"]
[EndTime "10:15:28 PDT"]
[Termination "IvanRadivojevic won by resignation"]

1. e4 c5 2. Nc3 g6 3. f4 Bg7 4.
Nf3 e6 5. e5 Ne7 6. Ne4 O-O 7.
Nxc5 Nbc6 8. d4 Nf5 9. c3 d6 10. Ne4 dxe5 11. fxe5 h5 12. Bg5 Qa5 13. Nf6+ Kh8 14.
Bd3 Nfxd4 15. Nxd4 Nxd4 16. Qd2 Qxe5+ 17. Ne4 Nf5 18.
O-O-O a5 19. h3 Ng3 20. Nxg3 Qxg3 21. Bf4 Qh4 22. g4 a4 23. a3 Bd7 24. Rdg1 Bc6 25.
Bg5 Bh6 26. Bxh6 Bxh1 27. Bg5 Qxh3 28. Bf6+ Kh7 29. gxh5 Qxh5 30. Rg4 Qxg4 31. Qh2+ 1-0

[Event "*** Titled Tuesday Blitz"]
[Site "Chess.com"]
[Date "2020.04.28"]
[Round "2"]
[White "SameerMujumdar"]
[Black "JiaHaoxiang"]
[Result "0-1"]
[WhiteElo "2241"]
[BlackElo "2580"]
[TimeControl "180+1"]
[EndTime "10:15:29 PDT"]
[Termination "JiaHaoxiang won by resignation"]

1. d4 Nf6 2. Nf3 d5 3. Bf4 e6 4.
e3 c5 5. c3 Bd6 6. Bg3 O-O 7.
Nbd2 b6 8. Bd3 Bb7 9. O-O Nc6 10. Ne5 Ne7 11. f4 Nf5 12. Bf2 Bxe5 13. fxe5 Ne4 14. Nxe4 dxe4 15. Be2 Qg5 16. g4 h6 17. Qd2 cxd4 18. cxd4 Rfd8 19. Rad1 Rac8 20. Kh1 Nxd4 21. h4 Qe7 22. Qe1 Nf3 23. Bxf3 exf3 24. Qb4 Qxb4 0-1